 Dungeon Crawl Stone Soup version 0.22-a0-422-g9628fc8 (webtiles) character file.

172 Borgoz the Cudgeler (level 5, -4/32 HPs)
             Began as a Gargoyle Gladiator on May 21, 2018.
             Killed by divine providence
             ... invoked by an orc priest
              (9 damage)
             ... on level 4 of the Dungeon.
             The game lasted 00:04:21 (3392 turns).

Borgoz the Cudgeler (Gargoyle Gladiator)            Turns: 3392, Time: 00:04:21

Health: -4/32      AC:  8    Str: 18    XL:     5   Next: 52%
Magic:  5/5        EV: 13    Int:  8    God:
Gold:   128        SH:  0    Dex: 12    Spells: 4/4 levels left

rFire    . . .     SeeInvis .   a - +0 flail
rCold    . . .     Gourm    .   (no shield)
rNeg     + . .     Faith    .   b - +0 leather armour
rPois    ∞         Spirit   .   c - +0 helmet
rElec    +         Reflect  .   (no cloak)
rCorr    .         Harm     .   (no gloves)
MR       .....                  (no boots)
Stlth    +.........             (no amulet)
HPRegen  0.10/turn              (no ring)
MPRegen  0.09/turn              (no ring)

@: no status effects
A: negative energy resistance 1, electricity resistance, unbreathing,
petrification resistance, rot immunity, AC +4
a: no special abilities


You were on level 4 of the Dungeon.
You were not hungry.

You visited 1 branch of the dungeon, and saw 4 of its levels.

You collected 128 gold pieces.

Inventory:

Hand Weapons
 a - a +0 flail (weapon)
Missiles
 d - 3 throwing nets (quivered)
Armour
 b - a +0 leather armour (worn)
 c - a +0 helmet (worn)
Scrolls
 e - a scroll of random uselessness {unknown}
 g - 5 scrolls of teleportation {unknown}
 i - a scroll of amnesia {unknown}
 j - 3 scrolls of identify {unknown}
 k - 2 scrolls of remove curse {unknown}
 l - a scroll of magic mapping {unknown}
 p - a scroll of fear {unknown}
 s - a scroll of noise {unknown}
Potions
 h - 2 potions of magic {unknown}
 m - 2 potions of heal wounds {unknown}
 n - a potion of curing {unknown}
 o - 2 potions of agility {unknown}
 r - a potion of cancellation {unknown}
Comestibles
 f - 9 rations
 q - 3 chunks of flesh


   Skills:
 + Level 3.3 Fighting
 + Level 3.7 Maces & Flails
 - Level 1.7 Throwing
 + Level 2.2 Armour
 * Level 3.6 Dodging


You had 4 spell levels left.
You didn't know any spells.
Your spell library was empty.

Dungeon Overview and Level Annotations

Branches:
Dungeon (4/15)
 Temple: D:4-7

Altars:
Ashenzari
Makhleb
Okawaru
Qazlal
Ru
Uskayaw
Yredelemnul
Zin

Shops:
D:4 %


Innate Abilities, Weirdness & Mutations

You are resistant to torment.
Your stone body is resilient. (AC +4)
You are immune to poison.
You resist negative energy. (rN+)
You are resistant to electric shocks. (rElec)
You can survive without breathing.
You are immune to petrification.
You are immune to rotting.


Message History

The orc wizard hits you but does no damage.
The orc hits you but does no damage. x2
You closely miss the orc priest.
The orc priest is severely wounded.
The orc priest invokes the aid of Beogh against you.
Beogh smites you!
* * * LOW HITPOINT WARNING * * *
The orc wizard hits you with a dagger of protection.
* * * LOW HITPOINT WARNING * * *
The orc completely misses you. The orc misses you.
The orc hits you but does no damage. The orc priest misses you.
You closely miss the orc priest.
The orc priest is severely wounded.
The orc wizard hits you but does no damage. x2
The orc barely misses you. The orc hits you with a mace.
* * * LOW HITPOINT WARNING * * *
The orc hits you but does no damage.
The orc priest mumbles some strange prayers to Beogh against you.
Beogh smites you!
You die...

###....................
##.........##.######.###
#...P..P...##.# #..###
#..........##.# #.....
..P......P....# #>####
.?......(.....# #.#
..............# ##.##
..P...oooP..#.####...###
......o@...##...........
#...P.oP.....#####...###
##........##.# ##...##
.........###.####.#.#.##
######.#.# #........##.#
#...# #<####.###.##
#<#####.#####.#.###
###.......#.........#
#...............###.#


You could see an orc priest, an orc wizard and 3 orcs.

Vanquished Creatures
  A hound (D:3)
  A worker ant (D:4)
  3 adders
  3 oozes
  4 worms (D:2)
  2 dart slugs (D:1)
  2 leopard geckos
  3 orcs
  A ball python (D:1)
  3 bats
  6 giant cockroaches
  6 goblins
  10 hobgoblins
  2 jackals (D:3)
  3 frilled lizards (D:1)
  6 kobolds
  2 rats
58 creatures vanquished.

Notes
Turn   | Place    | Note
-------+----------+-------------------------------------------
     0 | D:1      | Borgoz the Gargoyle Gladiator began the quest for the Orb.
     0 | D:1      | Reached XP level 1. HP: 12/12 MP: 1/1
   209 | D:1      | Reached XP level 2. HP: 17/18 MP: 2/2
   424 | D:1      | Reached skill level 1 in Armour
   428 | D:1      | Reached XP level 3. HP: 18/22 MP: 3/3
  1246 | D:2      | Found a sacrificial altar of Ru.
  1282 | D:2      | Found a basalt altar of Yredelemnul.
  1503 | D:2      | Found a hide-covered altar of Uskayaw.
  1506 | D:2      | Found a burning altar of Makhleb.
  1509 | D:2      | Found a shattered altar of Ashenzari.
  1512 | D:2      | Found a glowing silver altar of Zin.
  1659 | D:2      | Found a stormy altar of Qazlal.
  1683 | D:2      | Reached XP level 4. HP: 27/27 MP: 4/4
  1971 | D:2      | Found an iron altar of Okawaru.
  2349 | D:3      | Found an iron altar of Okawaru.
  2903 | D:3      | Reached XP level 5. HP: 18/32 MP: 5/5
  3250 | D:4      | Found Loulaj's Food Shop.
  3392 | D:4      | Killed from afar by an orc priest

Vault maps used:
D:1:      sevenhm_arrival_forest_fort_small_3, hangedman_abyss_or_decor_stabs
D:2:      lemuel_crystal_altar, grunt_temple_overflow_cloverleaf,
          lemuel_crystal_altar, lemuel_round_altar, okawaru_metal_pillars_1_2
D:3:      lemuel_crystal_altar, first_ration
D:4:      serial_shops, shop, hangedman_abyss_or_decor_jellyfish_corner,
          minmay_misc_feat_plants

Skill      XL: |  1  2  3  4 |
---------------+-------------+-----
Armour         | 1 2 |  2.2
Dodging        | 3 |  3.6
Fighting       | 3 |  3.3
Maces & Flails | |  3.7
Throwing       | |  1.7

Action                   |  1- 3 |  4- 6 || total
-------------------------+-------+-------++-------
Melee: Flail             |   129 |   111 ||   240
 Stab: Sleeping          |     1 |       ||     1
  Eat: Chunk             |     3 |     5 ||     8
Armor: Leather armour    |    58 |    72 ||   130
Dodge: Dodged            |    83 |   123 ||   206

Table legend:
 A = Spawn XP
 B = Non-spawn XP
 C = Spawn XP percentage of total XP
 D = Spawn monster count
 E = Non-spawn monster count
 F = Spawn count percentage of total count
 G = Total turns spent on level
                    A         B        C        D         E        F      G
               +---------+---------+-------+---------+---------+-------+---------
         Total |       0 |     246 |   0.0 |       0 |      58 |   0.0 |  3392
               +---------+---------+-------+---------+---------+-------+---------
           D:1 |       0 |      49 |   0.0 |       0 |      25 |   0.0 |  1045
           D:2 |       0 |      60 |   0.0 |       0 |      14 |   0.0 |  1038
           D:3 |       0 |      85 |   0.0 |       0 |      13 |   0.0 |  1030
           D:4 |       0 |      52 |   0.0 |       0 |       6 |   0.0 |   279
               +---------+---------+-------+---------+---------+-------+---------
